 Dungeon Crawl Stone Soup version 0.30-a0-867-g305f33218d (webtiles) character file.

Game seed: 7993417124575023076

21 BigDaddyOpFi the Grasshopper (level 2, 0/21 HPs)
             Began as a Spriggan Warper on Mar 10, 2023.
             Slain by Sigmund
             ... wielding a +0 scythe
              (5 damage)
             ... on level 2 of the Dungeon.
             The game lasted 00:01:11 (628 turns).

BigDaddyOpFi the Grasshopper (Spriggan Warper)       Turns: 628, Time: 00:01:12

Health: 0/21       AC: 21    Str:  7    XL:     2   Next: 62%
Magic:  6/6        EV:  4    Int: 14    God:
Gold:   53         SH:  0    Dex: 14    Spells: 6/6 levels left

rFire   . . .      SeeInvis +    f - +2 short sword (drain)
rCold   . . .      Faith    .    (no shield)
rNeg    . . .      Spirit   .    b - melded +0 robe
rPois   +          Reflect  .    (helmet currently unavailable)
rElec   .          Rampage  .    (cloak currently unavailable)
rCorr   .          NoTele   +    (gloves unavailable)
Will    .....                    (boots unavailable)
Stlth   ++                       (no amulet)
HPRegen 0.23/turn                e - ring of poison resistance
MPRegen 0.10/turn                (no ring)

@: tree-form (expiring)
A: stationary, stasis, torment immunity, boosted hp, very small, no large
weapons, unfitting armour, see invisible, (speed 3)
a: no special abilities


You were on level 2 of the Dungeon.
You were a tree.
You visited 1 branch of the dungeon, and saw 2 of its levels.

You collected 53 gold pieces.

Inventory:

Hand Weapons
 a - a +0 short sword
 f - a +2 short sword of draining (weapon)
Missiles
 d - 7 boomerangs of dispersal (quivered)
 i - 3 boomerangs
Armour
 b - a +0 robe (melded)
Jewellery
 e - a ring of poison resistance (left branch)
Scrolls
 c - a scroll of blinking
 h - a scroll of silence {unknown}


   Skills:
 - Level 1.5 Fighting
 - Level 2.1 Short Blades
 - Level 1.0 Throwing
 * Level 4.0 Dodging
 * Level 2.6 Stealth
 - Level 2.6 Spellcasting
 - Level 4.4 Translocations


You had 6 spell levels left.
You didn't know any spells.
Your spell library contained the following spells:

 Spells                   Type           Power      Damage    Failure   Level
 Blink                    Tloc           28%        N/A       5%          2
 Lesser Beckoning         Tloc           28%        N/A       5%          2
 Teleport Other           Tloc           14%        N/A       11%         3
 Vhi's Electric Charge    Tloc/Air       16%        N/A       26%         3
 Manifold Assault         Tloc           14%        N/A       36%         4


Dungeon Overview and Level Annotations

Branches:
Dungeon (2/15)

Altars:

Annotations:
D:2 Sigmund


Innate Abilities, Weirdness & Mutations

You are a tree.
Your roots penetrate the ground, keeping you stationary.
You cannot be teleported.
You are immune to unholy pain and torment.
Your maximum health is greatly increased.
Your equipment is partially melded.
You are very small and have problems with some larger weapons.
You are too small for most types of armour.
You have supernaturally acute eyesight. (SInv)
((You cover ground extremely quickly. (Speed+++)))


Message History

Where to? (? - help)
Things that are here:
a +0 club; a stone
There is a stone staircase leading down here.
You climb downwards.
There is a stone staircase leading up here.
Sigmund and a kobold come into view.
Sigmund is wielding a +0 scythe and wearing a +2 robe of willpower.
A kobold comes into view. It is wielding a +0 club.
Found a red potion.
Sigmund shouts!
The kobold shouts!
You hear an angry hiss. x2
A frilled lizard comes into view.
A rat comes into view.
Sigmund hits you with a +0 scythe!
Ouch! That really hurt!
* * * LOW HITPOINT WARNING * * *
There are monsters nearby!
You are too injured to fight recklessly!
There are monsters nearby!
It was a potion of lignification.
You turn into a tree.
Your +0 robe melds into your body.
Your roots penetrate the ground.
As you read the scroll labelled KOHEICA BIABE, it crumbles to dust.
It is a scroll of enchant weapon.
Your +1 short sword of draining glows red for a moment.
Sigmund barely misses you.
A frilled lizard comes into view.
You closely miss Sigmund. Sigmund barely misses you.
You hit Sigmund. You drain Sigmund.
Sigmund is moderately wounded.
You hit Sigmund but do no damage.
Sigmund is moderately wounded.
Sigmund hits you with a +0 scythe.
* * * LOW HITPOINT WARNING * * *
You hit Sigmund. You drain Sigmund.
Sigmund is moderately wounded.
The kobold hits you but does no damage.
You closely miss Sigmund.
Sigmund is moderately wounded.
Your transformation is almost over.
The kobold hits you but does no damage. x2; Sigmund hits you with a +0 scythe.
You die...

#.#.##...
###.#......
#........#
#........#
#........#
#....r...#
#...K....#
...##...♣K...#
#.....<#@l.....
######.#.######
#.#l. #....#
###..# ..# ...


You could see Sigmund (very drained), 2 kobolds, 2 frilled lizards and a rat.

Vanquished Creatures
  A dart slug (D:1)
  2 endoplasms (D:1)
  A giant cockroach (D:1)
  2 jackals (D:1)
  6 kobolds (D:1)
  2 ball pythons (D:1)
  A frilled lizard (D:1)
  A rat (D:1)
16 creatures vanquished.

Notes
Turn   | Place    | Note
-------+----------+-------------------------------------------
     0 | D:1      | BigDaddyOpFi the Spriggan Warper began the quest for the
                  | Orb.
     0 | D:1      | Reached XP level 1. HP: 10/10 MP: 5/5
   147 | D:1      | Reached skill level 1 in Stealth
   237 | D:1      | Reached XP level 2. HP: 13/14 MP: 6/6
   620 | D:2      | Noticed Sigmund
   628 | D:2      | Slain by Sigmund

Illustrated notes

Levels and vault maps discovered:
D:1:      dpeg_arrival_arbitrary_a, layout_rooms, minivault_14
D:2:      layout_rooms, basic_altar, serial_shops, nicolae_shop_hallway_plus,
          hellmonk_ecumenical_altar_blasted, uniq_jessica, uniq_terence,
          uniq_sigmund

Skill      XL: |  1  2 |
---------------+-------+-----
Stealth        | 1 2 |  2.6
Dodging        | 4 |  4.0
Fighting       | |  1.5
Short Blades   | |  2.1
Throwing       | |  1.0
Spellcasting   | |  2.6
Translocations | |  4.4

Action                     || total
---------------------------++-------
  Melee: Short sword       ||    72
    Use: Scroll            ||     1
         Potion            ||     1
   Stab: Sleeping          ||     3
 Armour: Robe              ||     5
         Skin              ||     3
  Dodge: Dodged            ||    56

Table legend: (Time is in decaauts)
 A = Elapsed time spent in this place.
 B = Non-inter-level travel time spent in this place.
 C = Inter-level travel time spent in this place.
 D = Time resting spent in this place.
 E = Time spent auto-exploring this place.
 F = Levels seen in this place.
 G = Mean time per level.
                   A        B        C        D        E       F      G
               +--------+--------+--------+--------+--------+-----+--------+
         Total |    423 |    397 |     26 |      0 |    253 |   2 |  211.5 |
       Dungeon |    423 |    397 |     26 |      0 |    253 |   2 |  211.5 |
               +--------+--------+--------+--------+--------+-----+--------+

Top non-repeatable levels by time:
     D:1: 415 daAuts
     D:2: 7 daAuts
